3AA
LAKE MINNETONKA LOVE BOATS @ MINNESOTA LOONS
08/08/2042
 
TOP OF THE 1ST
Lake Minnetonka Love Boats batting - Pitching for Minnesota Loons : RHP Jerry Williams
Pitching: RHP Jerry Williams
Batting: RHB Mark Bakker 0-0: Called Strike
0-1: Fly out, F7 (Flyball, 78M, EV 93.8 MPH)
Batting: RHB Ding-bong Wang 0-0: Ball
1-0: Ground out 6-3 (Groundball, 6, EV 90.6 MPH)
Batting: SHB Spencer Maddox 0-0: Foul Ball, location: 2F
0-1: Swinging Strike
0-2: Ball
1-2: Fly out, F9 (Flyball, 9S, EV 96.2 MPH)
Top of the 1st over - 0 runs, 0 hits, 0 errors, 0 left on base; Lake Minnetonka 0 - Minnesota 0
BOTTOM OF THE 1ST
Minnesota Loons batting - Pitching for Lake Minnetonka Love Boats : RHP Jonathan Klein
Pitching: RHP Jonathan Klein
Batting: LHB Steve Williams 0-0: Swinging Strike
0-1: Foul Ball, location: 2F
0-2: Ball
1-2: Foul Ball, location: 2F
1-2: Strikes out swinging
Batting: RHB Haechan Mae 0-0: Ball
1-0: Ball
2-0: Ball
3-0: Called Strike
3-1: Base on Balls
Batting: SHB Pavlushenka Galanov 0-0: Ball
1-0: Ball
2-0: Fly out, F6 (Popup, 15S, EV 88.8 MPH)
Batting: LHB Derrek Guthrie 0-0: SINGLE (Groundball, 56D, EV 94.4 MPH)
Haechan Mae to second
Batting: RHB Alberto Zúñiga 0-0: Ball
Wild Pitch!
Haechan Mae to third
Derrek Guthrie to second
1-0: Foul Ball, location: 2F
1-1: SINGLE (Groundball, 6D, EV 108.1 MPH)
Haechan Mae scores
Derrek Guthrie to third
Runner from 3rd tries for Home, SAFE, no throw by LF
Batting: RHB Dan Barnes 0-0: Ball
1-0: Foul Ball, location: 2F
1-1: Ball
2-1: Called Strike
2-2: Ball
3-2: Base on Balls
Alberto Zúñiga to second
Batting: RHB Tso-i Joo 0-0: Foul Ball, location: 2F
0-1: Foul Ball, location: 2F
0-2: DOUBLE (Line Drive, 78M, EV 91.9 MPH)
Alberto Zúñiga scores
Dan Barnes to third
Batting: RHB Martin Mullinger 0-0: Called Strike
0-1: Ball
1-1: Ground out 6-3 (Groundball, 6, EV 85.6 MPH)
Bottom of the 1st over - 3 runs, 3 hits, 0 errors, 2 left on base; Lake Minnetonka 0 - Minnesota 3
TOP OF THE 2ND
Lake Minnetonka Love Boats batting - Pitching for Minnesota Loons : RHP Jerry Williams
Batting: RHB Eisse van Barneveld 0-0: Swinging Strike
0-1: SINGLE (Flyball, 78S, EV 85.0 MPH)
Batting: RHB Luis Ávila 0-0: Called Strike
0-1: Called Strike
0-2: Ball
1-2: Strikes out looking
Batting: RHB Nicholas Khadjikyriakos 0-0: Ball
1-0: Foul Ball, location: 2F
1-1: Ball
2-1: Ball
3-1: Grounds into double play, 1-4-3 (Groundball, P, EV 85.0 MPH)
Top of the 2nd over - 0 runs, 1 hit, 0 errors, 0 left on base; Lake Minnetonka 0 - Minnesota 3
BOTTOM OF THE 2ND
Minnesota Loons batting - Pitching for Lake Minnetonka Love Boats : RHP Jonathan Klein
Batting: RHB José Garrastazu 0-0: Fly out, F7 (Line Drive, 7, EV 90.0 MPH)
Batting: LHB Steve Williams 0-0: Called Strike
0-1: Called Strike
0-2: Ball
1-2: Ground out 1-3 (Groundball, P, EV 79.4 MPH)
Batting: RHB Haechan Mae 0-0: Ball
1-0: Foul Ball, location: 2F
1-1: Foul Ball, location: 2F
1-2: Foul Ball, location: 2F
1-2: Ground out 5-3 (Groundball, 5, EV 91.2 MPH)
Bottom of the 2nd over - 0 runs, 0 hits, 0 errors, 0 left on base; Lake Minnetonka 0 - Minnesota 3
TOP OF THE 3RD
Lake Minnetonka Love Boats batting - Pitching for Minnesota Loons : RHP Jerry Williams
Batting: RHB Vicente Casaus 0-0: Ball
1-0: Ground out 6-3 (Groundball, 6, EV 107.5 MPH)
Batting: LHB Francisco Obando 0-0: Called Strike
0-1: Ball
1-1: SINGLE (Groundball, 34D, EV 101.2 MPH)
Batting: RHB Pablo Santos 0-0: Fielders Choice at 2nd, 6-4 (Groundball, 6, EV 82.5 MPH)
Batting: RHB Mark Bakker 0-0: Ball
1-0: Called Strike
1-1: SINGLE (Groundball, 6D, EV 94.4 MPH)
Pablo Santos to second
Runner from 2nd tries for 3rd, SAFE, no throw by CF
Batting: RHB Ding-bong Wang 0-0: Ball
1-0: Ball
2-0: Fly out, F6 (Line Drive, 6, EV 70.0 MPH)
Top of the 3rd over - 0 runs, 2 hits, 0 errors, 2 left on base; Lake Minnetonka 0 - Minnesota 3
BOTTOM OF THE 3RD
Minnesota Loons batting - Pitching for Lake Minnetonka Love Boats : RHP Jonathan Klein
Batting: SHB Pavlushenka Galanov 0-0: Called Strike
0-1: Swinging Strike
0-2: Fly out, F8 (Flyball, 8RD, EV 97.5 MPH)
Batting: LHB Derrek Guthrie 0-0: Called Strike
0-1: Ball
1-1: SINGLE (Groundball, 6MD, EV 97.5 MPH)
Batting: RHB Alberto Zúñiga 0-0: Called Strike
0-1: Ball
1-1: Called Strike
1-2: Ball
Wild Pitch!
Derrek Guthrie to second
2-2: Strikes out swinging
Batting: RHB Dan Barnes 0-0: Ball
1-0: Foul Ball, location: 2F
1-1: Ball
2-1: Ball
3-1: Called Strike
3-2: Base on Balls
Batting: RHB Tso-i Joo 0-0: Ball
1-0: Called Strike
1-1: SINGLE (Line Drive, 89M, EV 92.5 MPH)
Derrek Guthrie to third
Dan Barnes to second
Batting: RHB Martin Mullinger 0-0: Ball
1-0: Fly out, F8 (Line Drive, 8LM, EV 107.5 MPH)
Bottom of the 3rd over - 0 runs, 2 hits, 0 errors, 3 left on base; Lake Minnetonka 0 - Minnesota 3
TOP OF THE 4TH
Lake Minnetonka Love Boats batting - Pitching for Minnesota Loons : RHP Jerry Williams
Batting: SHB Spencer Maddox 0-0: Ball
1-0: Called Strike
1-1: Ball
2-1: Ball
3-1: Foul Ball, location: 2F
3-2: Base on Balls
Batting: RHB Eisse van Barneveld 0-0: Ball
1-0: Ball
2-0: Ball
3-0: Called Strike
3-1: Base on Balls
Spencer Maddox to second
Batting: RHB Luis Ávila 0-0: Reaches on Catchers interference
Spencer Maddox to third
Eisse van Barneveld to second
Batting: RHB Nicholas Khadjikyriakos 0-0: Ball
1-0: Called Strike
1-1: Foul Ball, location: 2F
1-2: Fly out, F7 (Flyball, 78S, EV 83.1 MPH)
Batting: RHB Vicente Casaus 0-0: Ball
1-0: Ball
2-0: Grounds into fielders choice 1-2 (Groundball, 15, EV 94.4 MPH)
Eisse van Barneveld to third
Luis Ávila to second
Batting: LHB Francisco Obando 0-0: Ball
1-0: Ball
2-0: Ball
3-0: Called Strike
3-1: Base on Balls
Eisse van Barneveld scores
Luis Ávila to third
Vicente Casaus to second
Batting: RHB Pablo Santos 0-0: Called Strike
0-1: Fly out, F9 (Flyball, 89S, EV 80.0 MPH)
Top of the 4th over - 1 run, 0 hits, 1 error, 3 left on base; Lake Minnetonka 1 - Minnesota 3
BOTTOM OF THE 4TH
Minnesota Loons batting - Pitching for Lake Minnetonka Love Boats : RHP Jonathan Klein
Batting: RHB José Garrastazu 0-0: Ball
1-0: Called Strike
1-1: Called Strike
1-2: Strikes out swinging
Batting: LHB Steve Williams 0-0: Ball
1-0: Ball
2-0: Ball
3-0: Called Strike
3-1: Fly out, F9 (Flyball, 9D, EV 90.6 MPH)
Batting: RHB Haechan Mae 0-0: TRIPLE (Flyball, 9LD, EV 106.9 MPH)
Batting: SHB Pavlushenka Galanov 0-0: SINGLE (Groundball, 34D, EV 95.6 MPH)
Haechan Mae scores
Batting: LHB Derrek Guthrie 0-0: Called Strike
0-1: Ball
1-1: SINGLE (Groundball, 34D, EV 106.2 MPH)
Pavlushenka Galanov to second
Runner from 2nd tries for 3rd, SAFE, throw by RF made to third
Batting: RHB Alberto Zúñiga 0-0: Ball
1-0: Ball
2-0: Called Strike
2-1: Foul Ball, location: 2F
2-2: Strikes out swinging
Bottom of the 4th over - 1 run, 3 hits, 0 errors, 2 left on base; Lake Minnetonka 1 - Minnesota 4
TOP OF THE 5TH
Lake Minnetonka Love Boats batting - Pitching for Minnesota Loons : RHP Jerry Williams
Batting: RHB Mark Bakker 0-0: Foul Ball, location: 2F
0-1: Ball
1-1: Swinging Strike
1-2: SINGLE (Line Drive, 7S, EV 103.8 MPH)
Batting: RHB Ding-bong Wang 0-0: Bunted foul
0-1: Bunted foul
0-2: Ball
1-2: Fielders Choice at 2nd, 6-4 (Groundball, 6, EV 79.4 MPH)
Batting: SHB Spencer Maddox 0-0: Called Strike
0-1: Fly out, F8 (Flyball, 8RM, EV 86.9 MPH)
Batting: RHB Eisse van Barneveld 0-0: Ball
Ding-bong Wang steals 2nd base
1-0: Ball
2-0: Ball
3-0: Fly out, F7 (Flyball, 7, EV 85.0 MPH)
Top of the 5th over - 0 runs, 1 hit, 0 errors, 1 left on base; Lake Minnetonka 1 - Minnesota 4
BOTTOM OF THE 5TH
Minnesota Loons batting - Pitching for Lake Minnetonka Love Boats : RHP Jonathan Klein
Batting: RHB Dan Barnes 0-0: Fly out, F8 (Flyball, 8RS, EV 82.5 MPH)
Batting: RHB Tso-i Joo 0-0: Ground out 6-3 (Groundball, 6, EV 85.0 MPH)
Batting: RHB Martin Mullinger 0-0: Ball
1-0: Called Strike
1-1: Foul Ball, location: 2F
1-2: SINGLE (Line Drive, 7S, EV 94.4 MPH)
Batting: RHB José Garrastazu 0-0: Ball
1-0: Foul Ball, location: 2F
1-1: Called Strike
1-2: Ball
2-2: Strikes out swinging
Bottom of the 5th over - 0 runs, 1 hit, 0 errors, 1 left on base; Lake Minnetonka 1 - Minnesota 4
TOP OF THE 6TH
Lake Minnetonka Love Boats batting - Pitching for Minnesota Loons : RHP Jerry Williams
Batting: RHB Luis Ávila 0-0: Ball
1-0: Called Strike
1-1: Called Strike
1-2: TRIPLE (Flyball, 89XD, EV 96.2 MPH)
Batting: RHB Nicholas Khadjikyriakos 0-0: Swinging Strike
0-1: Ball
Wild Pitch!
Luis Ávila scores
1-1: Ball
2-1: Foul Ball, location: 2F
2-2: Fly out, F7 (Flyball, 7LM, EV 93.1 MPH)
Batting: RHB Vicente Casaus 0-0: SINGLE (Flyball, 78M, EV 93.8 MPH)
Batting: LHB Francisco Obando 0-0: Ball
1-0: SINGLE (Flyball, 9LS, EV 101.2 MPH)
Vicente Casaus to second
Runner from 2nd tries for 3rd, SAFE, throw by RF made to third
Batting: RHB Pablo Santos 0-0: Ball
1-0: Ball
2-0: Ball
3-0: Called Strike
3-1: SINGLE (Groundball, 6MD, EV 98.8 MPH)
Vicente Casaus scores
Francisco Obando to second
Batting: RHB Mark Bakker 0-0: Ball
1-0: Ball
2-0: Called Strike
2-1: Called Strike
2-2: Ball
3-2: Foul Ball, location: 2F
3-2: SINGLE (Groundball, 4MD, EV 99.4 MPH)
Francisco Obando to third
Pablo Santos to second
Runner from 3rd tries for Home, SAFE, throw by CF to home
Pitching: RHP Maxwell Security
Batting: RHB Ding-bong Wang 0-0: Foul Ball, location: 2F
0-1: Ball
1-1: Foul Ball, location: 2F
1-2: SINGLE (Groundball, 6MD, EV 98.1 MPH)
Pablo Santos to third
Mark Bakker to second
Runner from 3rd tries for Home, SAFE, throw by CF to home
Batting: SHB Spencer Maddox 0-0: Ball
1-0: Foul Ball, location: 2F
1-1: Fly out, F8 (Line Drive, 8RM, EV 90.0 MPH)
Batting: RHB Eisse van Barneveld 0-0: Ball
1-0: Foul Ball, location: 2F
1-1: Ball
2-1: Ball
3-1: Called Strike
3-2: Fly out, F2 (Popup, 23F, EV 86.2 MPH)
Top of the 6th over - 4 runs, 6 hits, 0 errors, 2 left on base; Lake Minnetonka 5 - Minnesota 4
BOTTOM OF THE 6TH
Minnesota Loons batting - Pitching for Lake Minnetonka Love Boats : RHP Jonathan Klein
Pitching: RHP Travis Iturburua
Batting: LHB Steve Williams 0-0: Ball
1-0: Ground out 4-3 (Groundball, 4, EV 88.1 MPH)
Batting: RHB Haechan Mae 0-0: Ball
1-0: Fly out, F9 (Line Drive, 9, EV 94.4 MPH)
Batting: SHB Pavlushenka Galanov 0-0: Ball
1-0: Swinging Strike
1-1: Foul Ball, location: 2F
1-2: Strikes out looking
Bottom of the 6th over - 0 runs, 0 hits, 0 errors, 0 left on base; Lake Minnetonka 5 - Minnesota 4
TOP OF THE 7TH
Lake Minnetonka Love Boats batting - Pitching for Minnesota Loons : RHP Maxwell Security
Batting: RHB Luis Ávila 0-0: Swinging Strike
0-1: Called Strike
0-2: Ball
1-2: Strikes out looking
Batting: RHB Nicholas Khadjikyriakos 0-0: Ground out 6-3 (Groundball, 6, EV 106.2 MPH)
Batting: RHB Vicente Casaus 0-0: Ball
1-0: Foul Ball, location: 2F
1-1: Ball
2-1: Called Strike
2-2: Ball
3-2: DOUBLE (Flyball, 8LXD, EV 104.4 MPH)
Batting: LHB Francisco Obando 0-0: Ball
1-0: Ball
2-0: Ball
3-0: Called Strike
3-1: Foul Ball, location: 2F
3-2: Foul Ball, location: 2F
3-2: SINGLE (Flyball, 7LS, EV 89.4 MPH)
Vicente Casaus to third
Vicente Casaus scores
Batting: RHB Pablo Santos 0-0: Fielders Choice at 2nd, 5-4 (Groundball, 56, EV 83.8 MPH)
Top of the 7th over - 1 run, 2 hits, 0 errors, 1 left on base; Lake Minnetonka 6 - Minnesota 4
BOTTOM OF THE 7TH
Minnesota Loons batting - Pitching for Lake Minnetonka Love Boats : RHP Travis Iturburua
Batting: LHB Derrek Guthrie 0-0: Called Strike
0-1: Foul Ball, location: 2F
0-2: Ball
1-2: Foul Ball, location: 2F
1-2: Strikes out swinging
Batting: RHB Alberto Zúñiga 0-0: Ball
1-0: Swinging Strike
1-1: Swinging Strike
1-2: Ground out 6-3 (Groundball, 6, EV 86.9 MPH)
Batting: RHB Dan Barnes 0-0: Ball
1-0: Called Strike
1-1: Ball
2-1: Ball
3-1: Called Strike
3-2: Ground out 5-3 (Groundball, 56S, EV 65.6 MPH)
Bottom of the 7th over - 0 runs, 0 hits, 0 errors, 0 left on base; Lake Minnetonka 6 - Minnesota 4
TOP OF THE 8TH
Lake Minnetonka Love Boats batting - Pitching for Minnesota Loons : RHP Maxwell Security
Pitching: RHP Michael Knight
Batting: RHB Mark Bakker 0-0: Foul Ball, location: 2F
0-1: Ground out 5-3 (Groundball, 56S, EV 89.4 MPH)
Batting: RHB Ding-bong Wang 0-0: Ball
1-0: Ball
2-0: Foul Ball, location: 2F
2-1: Ball
3-1: Fly out, F8 (Flyball, 78D, EV 107.5 MPH)
Batting: SHB Spencer Maddox 0-0: Fly out, F8 (Flyball, 89M, EV 88.8 MPH)
Top of the 8th over - 0 runs, 0 hits, 0 errors, 0 left on base; Lake Minnetonka 6 - Minnesota 4
BOTTOM OF THE 8TH
Minnesota Loons batting - Pitching for Lake Minnetonka Love Boats : RHP Travis Iturburua
Batting: RHB Tso-i Joo 0-0: Foul Ball, location: 2F
0-1: Ball
1-1: Fly out, F3 (Popup, 3SF, EV 75.6 MPH)
Batting: RHB Martin Mullinger 0-0: Swinging Strike
0-1: Foul Ball, location: 2F
0-2: Ball
1-2: Fly out, F3 (Popup, 3S, EV 67.5 MPH)
Batting: RHB José Garrastazu 0-0: Ball
1-0: Ground out 5-3 (Groundball, 56, EV 86.2 MPH)
Bottom of the 8th over - 0 runs, 0 hits, 0 errors, 0 left on base; Lake Minnetonka 6 - Minnesota 4
TOP OF THE 9TH
Lake Minnetonka Love Boats batting - Pitching for Minnesota Loons : RHP Michael Knight
Batting: RHB Eisse van Barneveld 0-0: Ball
1-0: Swinging Strike
1-1: Foul Ball, location: 2F
1-2: Ball
2-2: DOUBLE (Line Drive, 7LM, EV 113.8 MPH)
Batting: RHB Luis Ávila 0-0: Foul Ball, location: 2F
0-1: Ball
1-1: Foul Ball, location: 2F
1-2: Ball
2-2: Foul Ball, location: 2F
2-2: SINGLE (Flyball, 9LS, EV 90.0 MPH)
Eisse van Barneveld to third
Batting: RHB Nicholas Khadjikyriakos 0-0: Ball
1-0: Fly out, F7 (Flyball, 7LSF, EV 75.6 MPH)
Batting: RHB Vicente Casaus 0-0: Ball
Luis Ávila steals 2nd base
1-0: Foul Ball, location: 2F
1-1: Ground out 5-3 (Groundball, 56S, EV 82.5 MPH)
Eisse van Barneveld scores
Batting: LHB Francisco Obando 0-0: Swinging Strike
0-1: Ground out 4-3 (Groundball, 4S, EV 81.9 MPH)
Top of the 9th over - 1 run, 2 hits, 0 errors, 1 left on base; Lake Minnetonka 7 - Minnesota 4
BOTTOM OF THE 9TH
Minnesota Loons batting - Pitching for Lake Minnetonka Love Boats : RHP Travis Iturburua
Pitching: RHP Willie Steele
Batting: LHB Steve Williams 0-0: Ball
1-0: Ball
2-0: Called Strike
2-1: DOUBLE (Line Drive, 7LS, EV 94.4 MPH)
Batting: RHB Haechan Mae 0-0: Ball
1-0: Swinging Strike
1-1: Ball
2-1: Swinging Strike
2-2: Strikes out swinging
Batting: SHB Pavlushenka Galanov 0-0: Swinging Strike
0-1: SINGLE (Groundball, 34S, EV 91.2 MPH) (infield hit)
Steve Williams to third
Batting: LHB Derrek Guthrie 0-0: Ball
1-0: Fly out, F8 (Line Drive, 8RM, EV 85.0 MPH)
Runner from 3rd tags up, SCORES, no throw by CF
Batting: RHB Alberto Zúñiga 0-0: DOUBLE (Line Drive, 78D, EV 101.9 MPH)
Pavlushenka Galanov to third
Batting: RHB Dan Barnes 0-0: Ball
1-0: Foul Ball, location: 2F
1-1: Ball
2-1: Swinging Strike
2-2: Ball
3-2: Ground out 6-3 (Groundball, 6, EV 84.4 MPH)
Bottom of the 9th over - 1 run, 3 hits, 0 errors, 2 left on base; Lake Minnetonka 7 - Minnesota 5
Friday, March 26th, 2021 - OOTP Baseball 20.8 Build 74